 Dungeon Crawl Stone Soup version 0.20.0-6-gd3061e9 (webtiles) character file.

361 straycat the Ducker (level 6, 0/70 HPs)
             Began as a Vampire Wanderer on May 28, 2017.
             Slain by Enish's ghost (4 damage)
             ... on level 3 of the Dungeon.
             The game lasted 00:21:50 (4762 turns).

straycat the Ducker (Vampire Wanderer)              Turns: 4762, Time: 00:21:50

Health: 0/70       AC: 23    Str: 11    XL:     6   Next: 38%
Magic:  8/8        EV:  2    Int: 14    God:
Gold:   92         SH:  0    Dex: 16    Spells: 8/8 levels left

rFire    . . .     SeeInvis +   a - +2 mace
rCold    . . .     Gourm    .   (no shield)
rNeg     + + +     Faith    .   (armour currently unavailable)
rPois    +         Spirit   .   (helmet currently unavailable)
rElec    .         Reflect  .   (cloak currently unavailable)
rCorr    .         Harm     .   (gloves currently unavailable)
MR       .....     NoTele   +   (boots currently unavailable)
Stlth    +++.......             (no amulet)
Regen    0.3/turn               (no ring)
MPRegen  0.2/turn               (no ring)

@: tree-form, berserk cooldown, slowed, very slow
A: see invisible
a: Bat Form


You were on level 3 of the Dungeon.
You were not thirsty.
You were a tree.
You visited 1 branch of the dungeon, and saw 3 of its levels.

You collected 92 gold pieces.

Inventory:

Hand Weapons
 a - a +2 mace (weapon)
 m - a +0 spear
 o - a +0 short sword
 q - a +0 hunting sling
Missiles
 e - 86 stones (quivered)
 g - 2 throwing nets
 i - 32 arrows
Armour
 b - a +0 ring mail (melded)
 r - a +0 chain mail
Jewellery
 n - an uncursed ring of ice
Scrolls
 f - a scroll of immolation {unknown}
 h - a scroll of remove curse {unknown}
 j - 2 scrolls of identify
 p - a scroll of noise {unknown}
Potions
 d - 14 potions of blood
 k - a potion of heal wounds
 l - a potion of curing
 s - a potion of mutation
 t - a potion of berserk rage


   Skills:
 * Level 3.6 Fighting
 * Level 1.5 Short Blades
 - Level 1.5 Maces & Flails
 + Level 2.3 Armour
 * Level 4.4 Dodging
 + Level 3.9 Stealth
   Level 1.0 Shields
 + Level 1.9 Spellcasting


You had 8 spell levels left.
You didn't know any spells.

Dungeon Overview and Level Annotations

Branches:
Dungeon (3/15)

Altars:
Elyvilon
Okawaru

Annotations:
D:3 Enish's ghost, amateur DsMo


Innate Abilities, Weirdness & Mutations

((You have razor-sharp teeth.))
You have supernaturally acute eyesight. (SInv)
((You can survive without breathing.))


Message History

The giant cockroach bites you but does no damage.
You barely miss Enish's ghost.
Enish's ghost is severely damaged.
The bat hits you but does no damage. Enish's ghost hits you.
* * * LOW HITPOINT WARNING * * *
The giant cockroach bites you but does no damage.
Enish's ghost hits you but does no damage.
The giant cockroach bites you but does no damage.
You miss Enish's ghost.
Enish's ghost is severely damaged.
The bat hits you but does no damage. The giant cockroach barely misses you.
Enish's ghost hits you but does no damage.
The giant cockroach barely misses you.
Enish's ghost hits you but does no damage.
You hit Enish's ghost.
Enish's ghost is severely damaged.
The bat hits you but does no damage.
The giant cockroach bites you but does no damage.
Enish's ghost hits you.
You die...

........# .#
.........
#.#
......... ..
........#..
........#.
.........
....b...#
.......♣#
$......Ws.#
........#(#
...........#
........#
..#
........#
....
.......##
#... ......#
...


You could see Enish's ghost, a giant cockroach and a bat.

Vanquished Creatures
  A bullfrog (D:2)
  Natasha (thrice) (D:2)
  6 adders (D:2)
  5 gnolls (D:2)
  2 oozes (D:2)
  5 worms (D:2)
  2 dart slugs (D:2)
  2 leopard geckos
  An orc (D:2)
  10 bats
  3 giant cockroaches
  13 goblins
  14 hobgoblins (D:2)
  6 jackals
  A quokka (D:2)
  3 ball pythons
  5 frilled lizards
  9 kobolds
  4 rats (D:2)
95 creatures vanquished.

Notes
Turn   | Place    | Note
-------+----------+-------------------------------------------
     0 | D:1      | straycat the Vampire Wanderer began the quest for the Orb.
     0 | D:1      | straycat set off with: a +2 mace, a +0 ring mail, a potion of lignification, a potion of blood
     0 | D:1      | Reached XP level 1. HP: 17/17 MP: 1/1
   227 | D:1      | Reached XP level 2. HP: 18/23 MP: 2/2
   995 | D:2      | Reached XP level 3. HP: 23/28 MP: 2/4
  1346 | D:2      | Reached skill level 3 in Dodging
  1430 | D:2      | Reached XP level 4. HP: 12/35 MP: 5/5
  1749 | D:2      | Reached skill level 1 in Spellcasting
  2189 | D:2      | Reached XP level 5. HP: 10/41 MP: 6/6
  2585 | D:2      | Found an iron altar of Okawaru.
  2859 | D:2      | Noticed Natasha
  2874 | D:2      | Killed Natasha
  2888 | D:2      | Noticed Natasha
  3227 | D:2      | Killed Natasha
  3227 | D:2      | Reached skill level 1 in Short Blades
  3227 | D:2      | Reached skill level 4 in Dodging
  3239 | D:2      | Noticed Natasha
  3250 | D:2      | Killed Natasha
  3495 | D:2      | Found a white marble altar of Elyvilon.
  3918 | D:3      | Noticed Enish's ghost (amateur DsMo)
  3926 | D:2      | Reached XP level 6. HP: 41/47 MP: 8/8
  4760 | D:3      | HP: 3/70 [Enish's ghost (3)]
  4762 | D:3      | Slain by Enish's ghost

Skill      XL: |  1  2  3  4  5 |
---------------+----------------+-----
Stealth        | 2 3 |  3.9
Dodging        | 3 4 |  4.4
Fighting       | 3 |  3.6
Spellcasting   | 1 |  1.9
Armour         | 2 |  2.3
Short Blades   | 1 |  1.5
Maces & Flails | |  1.5
Shields        | |  1.0

Action                   |  1- 3 |  4- 6 || total
-------------------------+-------+-------++-------
Melee: Mace              |   113 |    80 ||   193
       Bite              |     8 |    28 ||    36
       Short sword       |       |   200 ||   200
Throw: Stone             |     3 |     4 ||     7
  Use: Potion            |     2 |    13 ||    15
       Scroll            |       |     4 ||     4
 Stab: Sleeping          |     1 |     2 ||     3
Armor: Ring mail         |    59 |   102 ||   161
       Skin              |       |    83 ||    83
Dodge: Dodged            |    57 |   220 ||   277
